 Dungeon Crawl Stone Soup version 0.31.0-11-ge490571c62 (webtiles) character file.

Game seed: 11482636104433347550

9 qw the Shooter (level 2, 0/16 HPs)
             Began as a Deep Elf Hunter on Feb 4, 2024.
             Slain by a hobgoblin (4 damage)
             ... on level 1 of the Dungeon.
             The game lasted 00:00:00 (265 turns).

qw the Shooter (Deep Elf Hunter)                     Turns: 265, Time: 00:00:01

Health: 0/16       AC:  3    Str:  8    XL:     2   Next: 6%
Magic:  4/4        EV: 12    Int: 13    God:
Gold:   0          SH:  0    Dex: 18    Spells: 1/1 levels left

rFire   . . .        a - +0 shortbow
rCold   . . .        (shield currently unavailable)
rNeg    . . .        c - +0 leather armour
rPois   .            (no helmet)
rElec   .            (no cloak)
rCorr   .            (no gloves)
SInv    .            (no boots)
Will    .....        (no amulet)
Stlth   ++           (no ring)
HPRegen 0.22/turn    (no ring)
MPRegen 0.09/turn

%: no passive effects
@: no status effects
A: no striking features
a: no special abilities


You were on level 1 of the Dungeon.
You visited 1 branch of the dungeon, and saw 1 of its levels.


   Skills:
 - Level 1.5 Fighting
 + Level 6.0 Ranged Weapons
 - Level 2.4 Dodging
 - Level 1.2 Stealth


You had one spell level left.
You didn't know any spells.
Your spell library was empty.

Inventory:

Hand Weapons
 a - a +0 shortbow (weapon)
Armour
 c - a +0 leather armour (worn)
 d - a +0 ring mail
Scrolls
 b - a scroll of butterflies
 h - a scroll of torment {unknown}
 i - a scroll of vulnerability {unknown}
Potions
 e - a potion of berserk rage {unknown}
 f - a potion of degeneration {unknown}
 g - a potion of brilliance {unknown}

Dungeon Overview and Level Annotations

Branches:
Dungeon (1/15)

Altars:


Message History

You shoot an arrow. The arrow closely misses the rat.
You shoot an arrow. The arrow hits the rat!
You kill the rat!
You have reached level 2!
h - a scroll labelled WAKOCLUSAF
Found a hand axe.
i - a scroll labelled LAQUVOLLAUD
Found a book of the Hunter.
Things that are here:
a +0 hand axe; 5 stones A kobold and a goblin come into view.
The goblin shouts!
The kobold shouts!
You shoot an arrow. The arrow barely misses the kobold.
You shoot an arrow.
The arrow hits the kobold but does no damage.
A hobgoblin comes into view.
You shoot an arrow. The arrow barely misses the kobold.
The kobold hits you with a +0 whip.
You shoot an arrow. The arrow closely misses the kobold.
The kobold closely misses you.
You shoot an arrow. The arrow closely misses the kobold.
The kobold barely misses you.
You shoot an arrow. The arrow hits the kobold.
The kobold is heavily wounded.
The kobold barely misses you. The kobold hits you with a +0 whip.
You shoot an arrow. The arrow closely misses the kobold.
The kobold hits you with a +0 whip.
You shoot an arrow. The arrow hits the kobold.
The kobold is heavily wounded.
The kobold hits you with a +0 whip.
You shoot an arrow. The arrow misses the kobold.
The kobold hits you but does no damage.
You shoot an arrow. The arrow hits the kobold.
You kill the kobold!
Your Ranged Weapons skill increases to level 6!
You shoot an arrow. The arrow barely misses the goblin.
You shoot an arrow.
The arrow hits the hobgoblin but does no damage.
The goblin hits you with a +0 dagger. The hobgoblin hits you.
You die...

#.. ####### #.#
#......# #.#
#......# #.#
#......# #.#
#......# #.######.
#......# #gg......
#......#####@###....
#...................
#......#####.###....
####:#......... ..
#.#.#####..#.. #.#.#
#..# #.# #.#)# #..#
# #.#.# #..# #.#.#
#..#


You could see a hobgoblin and a goblin.

Vanquished Creatures
  2 ball pythons (D:1)
  A hobgoblin (D:1)
  A quokka (D:1)
  A bat (D:1)
  2 kobolds (D:1)
  2 rats (D:1)
9 creatures vanquished.

Notes
Turn   | Place    | Note
-------+----------+-------------------------------------------
     0 | D:1      | qw the Deep Elf Hunter began the quest for the Orb.
     0 | D:1      | Reached XP level 1. HP: 12/12 MP: 3/3
     0 | D:1      | 0 ||| qw: Version: 0.3-a-160-g6735b56
     0 | D:1      | 0 ||| qw: Game counter: 5949
     0 | D:1      | 0 ||| qw: Melee chars always use a shield: true
     0 | D:1      | 0 ||| qw: God list: Okawaru
     0 | D:1      | 0 ||| qw: Allow faded altars: false
     0 | D:1      | 0 ||| qw: Do Orc after clearing Dungeon:15 true
     0 | D:1      | 0 ||| qw: Do second Lair branch before Depths: true
     0 | D:1      | 0 ||| qw: Lair rune preference: random
     0 | D:1      | 0 ||| qw: Goals: Normal
     0 | D:1      | 0 ||| PLANNING D:1-11
   129 | D:1      | Found a faded altar of an unknown god.
   231 | D:1      | Reached XP level 2. HP: 16/16 MP: 4/4
   261 | D:1      | HP: 4/16 [kobold/+0 whip (3)]
   264 | D:1      | Reached skill level 6 in Ranged Weapons
   265 | D:1      | Slain by a hobgoblin

Levels and vault maps discovered:
D:1:      sevenhm_arrival_forest_fort_large_3, layout_basic,
          hellmonk_ecumenical_altar_blasted, minmay_quantized

Skill      XL: |  1  2 |
---------------+-------+-----
Ranged Weapons | 6 |  6.0
Fighting       | |  1.5
Dodging        | |  2.4
Stealth        | |  1.2

Action                     || total
---------------------------++-------
   Fire: Shortbow          ||    25
 Armour: Leather armour    ||     9
  Dodge: Dodged            ||     4

Table legend:
 A = Non-vault XP
 B = Vault XP
 C = Vault XP percentage of total XP
 D = Non-vault monster count
 E = Vault monster count
 F = Vault count percentage of total count
                 A         B        C        D         E       F
            +---------+---------+-------+---------+---------+-------
      Total |      14 |       0 |   0.0 |       9 |       0 |   0.0
            +---------+---------+-------+---------+---------+-------
        D:1 |      14 |       0 |   0.0 |       9 |       0 |   0.0
            +---------+---------+-------+---------+---------+-------
